[Event "*** Titled Tuesday Blitz"]
[Site "Chess.com"]
[Date "2021.03.02"]
[Round "11"]
[White "frederiksvane"]
[Black "Rondo_Capriccioso"]
[Result "0-1"]
[WhiteElo "2645"]
[BlackElo "2493"]
[TimeControl "180+1"]
[EndTime "12:10:19 PST"]
[Termination "Rondo_Capriccioso won on time"]

1. e4 c5 2. Nf3 d6 3. Bb5+ Bd7 4. c4 Nc6 5. Nc3 g6 6. d4 cxd4 7. Nxd4 Bg7 8. Be3 Nf6 9. h3 O-O 10. O-O Nxd4 11. Bxd4 Bxb5 12. cxb5 Qd7 13. Qd3 Rfc8 14. f4 Qe6 15. Kh1 b6 16. b3 Rc7 17. Bxf6 Bxf6 18.
Nd5 Rc5 19. f5 gxf5 20. Rae1 fxe4 21. Nxf6+ exf6 22. Rxe4 Re5 23. Ref4 Re3 24. Qd2 Re2 25. Qd4 Qe5 26. Qd3 Rc8 27. Rf5 Qe4 28. Qg3+ Kh8 29.
R5f4 Qe5 30. Qf3 Rg8 31. Rf2 Re1+ 32. Kh2 Rg6 33. Rc2 Kg7 34. g3 d5 35. Qf2 Re4 36.
Rf3 h5 37. Kg2 h4 38. g4 d4 39. Rd2 Re3 40. Rd3 Rxf3 41. Qxf3 f5 42. Qf2 fxg4 43.
Qxd4 gxh3+ 44. Kxh3 Qxd4 45. Rxd4 Rg5 46. Kxh4 Rxb5 47. Rd7 Ra5 48. a4 Kf6 49. Kg4 Ke6 50.
Rb7 f5+ 51. Kf4 Kd6 52. Ke3 Kc5 53. Kd3 Kb4 54. Kc2 Rc5+ 55. Kb2 Re5 56. Kc2 Re2+ 57. Kd3 Re4 58. Rxa7 Kxb3 59. Rb7 Rb4 60. Ra7 f4 0-1

[Event "*** Titled Tuesday Blitz"]
[Site "Chess.com"]
[Date "2021.03.02"]
[Round "11"]
[White "AlexeiShirov"]
[Black "BogdanDeac"]
[Result "1-0"]
[WhiteElo "2839"]
[BlackElo "2963"]
[TimeControl "180+1"]
[EndTime "12:10:21 PST"]
[Termination "AlexeiShirov won on time"]

1. e4 e5 2. Nf3 Nc6 3. Bb5 Nf6 4.
d3 d6 5. O-O Be7 6. Re1 O-O 7.
Nbd2 a6 8. Bxc6 bxc6 9. Nf1 Re8 10.
Ng3 c5 11. c3 a5 12. d4 cxd4 13. cxd4 exd4 14. Nxd4 Bf8 15. Bg5 h6 16. Nc6 Qd7 17.
Bxf6 Qxc6 18. Bc3 a4 19. Rc1 Qb5 20. Qf3 Qg5 21. Nf5 d5 22. h4 Qg6 23. h5 Qg5 24. Ng3 Bg4 25. Qe3 Qxe3 26. Rxe3 dxe4 27. Nxe4 Bxh5 28. Rce1 Re6 29. Bd4 Bg6 30. Nc3 Rea6 31.
Re5 Rb8 32. Rb5 Raa8 33. Rxb8 Rxb8 34. Nxa4 Rb4 35. Bc5 Bxc5 36. Nxc5 Rxb2 37. Ra1 Rb5 38. Nb3 c5 39. Rc1 Rb4 40. Nxc5 Rb5 41. a4 Ra5 42. Rc4 f6 43. Nb3 Ra8 44. Rb4 Be8 45. Nc5 Ra5 46. Rb8 Kf7 47. Nb7 Ra6 48. a5 Bc6 49. Nd8+ Ke7 50. Nxc6+ Rxc6 51. Rb7+ Kf8 52. Rb6 Rc1+ 53. Kh2 Ra1 54. a6 f5 55. f4 Ra3 56. Kg1 Kf7 57. Kf2 g5 58. Rxh6 gxf4 59. Rb6 Ke7 60. Ke2 Kd7 61. Rf6 Kc7 62. a7 Kb7 63. Rf7+ Ka8 64. Kf2 1-0

[Event "*** Titled Tuesday Blitz"]
[Site "Chess.com"]
[Date "2021.03.02"]
[Round "11"]
[White "wadsy27"]
[Black "Chowman64"]
[Result "1-0"]
[WhiteElo "2575"]
[BlackElo "2651"]
[TimeControl "180+1"]
[EndTime "12:10:23 PST"]
[Termination "wadsy27 won on time"]

1. c4 Nf6 2. g3 c6 3. Nf3 d5 4.
Bg2 dxc4 5. O-O b5 6. a4 Bb7 7.
b3 cxb3 8. Qxb3 a6 9. Ba3 Nbd7 10. Nd4 Qb6 11. Nc2 e6 12. Bxf8 Nxf8 13. Nc3 N8d7 14. axb5 cxb5 15. Bxb7 Qxb7 16. Qb4 Rc8 17. Ra5 Nc5 18.
d4 Nce4 19. Nxe4 Nxe4 20. Ne3 f6 21. Rfa1 Rc6 22. d5 exd5 23. Qd4 Nc3 24. Qd3 d4 25. Nf5 O-O 26. Nxd4 Rc4 27. Ne6 Re8 28. Nf4 Rc6 29. h4 Rc4 30. Rxa6 Rxf4 31. Qxc3 Rc4 32. Qd3 Qe4 33. Qxe4 Rcxe4 34. e3 Rb4 35. Rb6 Re7 36. Ra5 Kf7 37. Raxb5 Rxb5 38. Rxb5 Rd7 39. h5 Ra7 40. Kg2 Rc7 41. g4 Rd7 42. Kg3 Rc7 43. f3 Rd7 44. e4 Rc7 45. g5 Rd7 46. gxf6 gxf6 47. Kg4 Ra7 48. Kf5 Rc7 49. f4 Ra7 50. h6 Rc7 51. Rb1 Rc5+ 52. e5 fxe5 53. fxe5 Rc7 54. Rg1 Kf8 55. e6 Rc2 56. Rf1 Rb2 57. Kf6 Rb3 58. Ke5+ 1-0

[Event "*** Titled Tuesday Blitz"]
[Site "Chess.com"]
[Date "2021.03.02"]
[Round "11"]
[White "Goryachkina"]
[Black "GelmanAlexander"]
[Result "0-1"]
[WhiteElo "2686"]
[BlackElo "2587"]
[TimeControl "180+1"]
[EndTime "12:10:26 PST"]
[Termination "GelmanAlexander won by resignation"]

1. Nf3 c5 2. g3 Nf6 3. Bg2 e6 4. O-O Be7 5. c4 d6 6. d4 cxd4 7. Nxd4 a6 8. b3 Nbd7 9. Bb2 O-O 10. Nc3 Qc7 11. Rc1 Ne5 12. Qd2 Bd7 13. Rfd1 Rac8 14. h3 Rfd8 15. Nf3 Ng6 16. Nd4 Ne5 17. Ne4 Ne8 18. Nf3 Ng6 19. h4 Bc6 20. Nd4 h6 21. Nxc6 bxc6 22. h5 Ne5 23. Qc2 Ng4 24. Rd3 Ngf6 25.
Nxf6+ Bxf6 26. Ba3 c5 27. Rcd1 Be5 28. e3 Bf6 29. Bf3 Be5 30. Kg2 Bf6 31. Bc1 Be5 32. Bd2 Bf6 33. Be1 Be5 34. a3 Bf6 35. Qe2 Be7 36.
Bd2 Nf6 37. Qe1 Nd7 38. Ba5 Qb8 39. Bxd8 Rxd8 40. Qe2 Ne5 41. Rc3 Bf6 42. Rcc1 Qxb3 43. Be4 Qxa3 44. f4 Nd7 45. g4 Nf8 46. Kf3 Be7 47.
Rg1 Rb8 48. g5 hxg5 49. fxg5 Rb2 50. Rc2 Rb3 51. Rd2 Nd7 52. Kf2 Ne5 53. g6 Bh4+ 54.
Kf1 Rxe3 55. gxf7+ Kxf7 56. Bg6+ Ke7 57. Qd1 Rf3+ 58.
Kg2 Rg3+ 59. Kf1 Rf3+ 60. Kg2 Qe3 61. Qe2 Rg3+ 0-1

[Event "*** Titled Tuesday Blitz"]
[Site "Chess.com"]
[Date "2021.03.02"]
[Round "11"]
[White "MuhittinBuker"]
[Black "PavelChernomordik"]
[Result "0-1"]
[WhiteElo "2148"]
[BlackElo "2379"]
[TimeControl "180+1"]
[EndTime "12:10:27 PST"]
[Termination "PavelChernomordik won on time"]

1. c4 g6 2. d4 Bg7 3. Nc3 d6 4. e4 c6 5. Nf3 a6 6. Be2 Nf6 7. O-O O-O 8. d5 b5 9. cxb5 axb5 10. dxc6 b4 11. Nd5 Nxc6 12. Qc2 Bb7 13. Be3 Rc8 14.
Qb1 Ng4 15. Bb6 Qd7 16. h3 Nge5 17. Nxe5 Bxe5 18. Be3 e6 19. Nb6 Qe7 20. Nxc8 Rxc8 21. Rd1 Qf6 22. Qd3 Bxb2 23. Rab1 Be5 24. Qb5 Ba8 25.
Qa6 Re8 26. Bb5 Bd4 27. Bxd4 Nxd4 28. Bxe8 Bxe4 29. Rxb4 Qg5 30. Qf1 Nf3+ 31. Kh1 Qe5 32. gxf3 Bxf3+ 33. Qg2 Bxg2+ 34. Kxg2 Qc5 35. Rdb1 Kg7 36.
Rb7 Qg5+ 37. Kf1 Qh4 38. Rxf7+ Kh6 39. Rf3 Qe4 40. Rbb3 d5 41. Bb5 d4 42. a4 e5 43.
Kg1 Qd5 44. Rg3 e4 45. Kh2 d3 46. Bxd3 exd3 47. Rbxd3 Qc5 48. Rde3 Qc2 49. Kg2 Qxa4 50. Ref3 Qc6 51. Kh2 Kg7 52. Kg1 Qc1+ 53. Kg2 Qc6 54. Kh2 h5 55. h4 Kh6 0-1

[Event "*** Titled Tuesday Blitz"]
[Site "Chess.com"]
[Date "2021.03.02"]
[Round "11"]
[White "Trickster_Pony"]
[Black "zurzan"]
[Result "1-0"]
[WhiteElo "1475"]
[BlackElo "2035"]
[TimeControl "180+1"]
[EndTime "12:10:28 PST"]
[Termination "Trickster_Pony won on time"]

1. c4 f5 2. g3 Nf6 3. Bg2 g6 4. Nf3 Bg7 5. Nc3 O-O 6. O-O d6 7. d4 c6 8. b3 Na6 9. Bb2 Qc7 10. e3 e5 11. Qc2 e4 12. Ne1 Nb4 13. Qd1 d5 14.
Ba3 a5 15. cxd5 Nfxd5 16. Nxd5 cxd5 17. Rc1 Qb6 18. Nc2 Bd7 19. Qd2 Bb5 20. Nxb4 axb4 21. Bxb4 Bxf1 22. Bxf8 Bxf8 23. Bxf1 Bb4 24. Qc2 Rd8 25.
a4 Bd6 26. Bb5 g5 27. Qe2 Kg7 28. Qh5 h6 29. h4 Be7 30. hxg5 Bxg5 31. Rc5 Qd6 32. Qe2 Kh7 33. Qc2 Rg8 34. Rc7+ Rg7 35. Rxg7+ Kxg7 36. Qc5 Qd8 37. Qb4 b6 38. Bc6 f4 39.
exf4 Be7 40. Qb5 Qd6 41. Qxd5 Qb4 42. Qe5+ Kf8 43. Qf5+ Kg7 44. Qe5+ Kf8 45. Bb5 Qe1+ 46. Kg2 e3 47. Qxe3 Qb4 48. Qd3 Kg7 49. d5 Qd6 50.
Qd4+ Bf6 51. Qe4 Qc5 52. Qe6 Qd4 53. Qd7+ Kg6 54. Qg4+ Kf7 55. Bc4 Ke7 56. d6+ Kxd6 57. Qg6 Qe4+ 58. Qxe4 Kc5 59. Qe6 Bd4 60. Qd5+ Kb4 61.
Qxd4 1-0

[Event "*** Titled Tuesday Blitz"]
[Site "Chess.com"]
[Date "2021.03.02"]
[Round "11"]
[White "rquery98"]
[Black "LileKoridze"]
[Result "1-0"]
[WhiteElo "2652"]
[BlackElo "2446"]
[TimeControl "180+1"]
[EndTime "12:10:31 PST"]
[Termination "rquery98 won by resignation"]

1. Nf3 Nf6 2. g3 d5 3. Bg2 c5 4. O-O Nc6 5. d4 cxd4 6. Nxd4 g6 7. c4 Bg7 8. Nxc6 bxc6 9. Nc3 Bb7 10. cxd5 Nxd5 11. Ne4 O-O 12. a3 Qb6 13. Qc2 Rfd8 14.
Nc5 Rac8 15. e4 Nc7 16. Bg5 Re8 17. Be3 Ba6 18. Rfb1 Nb5 19. Qa4 Nc7 20. Nxa6 Qxa6 21. Qxa6 Nxa6 22. Bxa7 c5 23. Bf1 Ra8 24. Bxa6 Rxa7 25.
Bb5 Rb8 26. a4 Bd4 27. Ra3 e5 28. Rd3 Kf8 29. b3 Ke7 30. Kg2 Rab7 31. f4 f6 32. Rbd1 Rf8 33. Bc4 Ra7 34. Kf3 h5 35. Rb1 Rb7 36.
a5 Rb4 37. a6 Ra8 38. Rc1 Rbb8 39. Kg2 Rf8 40. Rcd1 Ra7 41. R1d2 Rd7 42. Ra2 Ra7 43. Ra5 Rb8 44. Bd5 Rb6 45. Bb7 c4 46. bxc4 Rb2+ 47. Kf1 Rxh2 48. c5 Rh1+ 49. Ke2 Rc1 50. c6 Rc2+ 51.
Kd1 Rg2 52. Rd5 Rg1+ 53. Kc2 Ra1 54. c7 Ra2+ 55. Kb3 Rb2+ 56. Ka3 Rc2 57. c8=Q Rxc8 58. Bxc8 Rc7 59. Bb7 Rc1 60. Kb4 Ra1 61. R5xd4 Rb1+ 62. Kc4 exd4 63. Rxd4 Rc1+ 64. Kd5 Rb1 65. Ra4 Rd1+ 66. Kc4 Rc1+ 67. Kd3 Rd1+ 68. Ke2 Rc1 69. a7 1-0

[Event "*** Titled Tuesday Blitz"]
[Site "Chess.com"]
[Date "2021.03.02"]
[Round "11"]
[White "Kaslask"]
[Black "MaxLeto"]
[Result "1-0"]
[WhiteElo "2301"]
[BlackElo "2398"]
[TimeControl "180+1"]
[EndTime "12:10:31 PST"]
[Termination "Kaslask won by resignation"]

1. d4 h5 2. e4 h4 3. Bc4 c6 4. Qf3 Nf6 5. e5 d5 6. Bb3 Ne4 7. Nd2 Ng5 8. Qe2 h3 9. g3 Bf5 10. c3 e6 11. Ndf3 Ne4 12. Nh4 Rxh4 13. gxh4 Qxh4 14. Nf3 Qh5 15. Nd2 Bg4 16. f3 Qh4+ 17.
Kf1 Nxd2+ 18. Bxd2 Bh5 19. Qf2 Qe7 20. Qg3 c5 21. Qxh3 Bg6 22. Kg2 Nc6 23. Ba4 O-O-O 24.
Bxc6 bxc6 25. Be3 Bf5 26. Qg3 f6 27. h4 Qf7 28. c4 cxd4 29. Bxd4 c5 30. Bf2 d4 31. a3 fxe5 32. Qxe5 Bd6 33. Qe1 Rf8 34.
Bg3 Qg6 35. Kh2 Be7 36. Qe5 Bd8 37. Qxc5+ Kd7 38. Qxd4+ Ke8 39. Rad1 Be7 40. Qd7+ Kf7 41. Bd6 Qf6 42. Qxe7+ Qxe7 43. Bxe7 Kxe7 44. Kg3 Rb8 45. b4 Rc8 46. c5 a5 47. h5 axb4 48. axb4 Rb8 49. Rd4 Ra8 50. h6 gxh6 51. Rxh6 Ra1 52. Rh2 Rb1 53. Rhd2 Rc1 54. Rd7+ Kf6 55. R7d6 Ke5 56.
c6 Rg1+ 57. Kf2 Rb1 58. c7 Rc1 59. Rd7 Kf4 60. b5 e5 61. b6 Bxd7 62. Rxd7 Rc2+ 63. Kf1 Kxf3 64. Rf7+ Ke3 65. b7 Rc1+ 66. Kg2 Rc2+ 67.
Kg3 Rc1 68. c8=Q Rg1+ 69. Kh2 1-0

[Event "*** Titled Tuesday Blitz"]
[Site "Chess.com"]
[Date "2021.03.02"]
[Round "11"]
[White "Mazanchenko_Dmitry"]
[Black "Kale36"]
[Result "1/2-1/2"]
[WhiteElo "2122"]
[BlackElo "2288"]
[TimeControl "180+1"]
[EndTime "12:10:33 PST"]
[Termination "Game drawn by repetition"]

1. e4 g6 2. d4 Bg7 3. Nc3 d6 4. Be3 a6 5. a4 b6 6. Qd2 Bb7 7. f3 Nd7 8. h4 h5 9. Nh3 c5 10. Ng5 e6 11. Bc4 cxd4 12. Bxd4 Ne5 13. Bxe6 fxe6 14. Nxe6 Qe7 15. Nxg7+ Qxg7 16. f4 O-O-O 17.
Nd5 Bxd5 18. exd5 Qh6 19. O-O-O Nc4 20. Qc3 b5 21. Bxh8 Qxf4+ 22. Kb1 Nh6 23. axb5 axb5 24. b3 Nf7 25. bxc4 Rxh8 26. Rhf1 Qe5 27. Qxe5 Nxe5 28. cxb5 Nc4 29. Rd4 Na3+ 30. Kb2 Nxb5 31. Rb4 Nc7 32. Rf7 Nxd5 33. Rd4 Nb6 34. Rb4 Nd7 35. Rd4 Nb6 36. Kb3 Rd8 37. Rb4 Nd7 38. Ra4 Nc5+ 39. Kb4 Nxa4 40. Kxa4 Re8 41. Rf6 Kc7 42. Rxg6 Re4+ 43.
Kb5 Rxh4 44. c4 Rg4 45. Rxg4 hxg4 46. c5 dxc5 47. Kxc5 Kd7 48. Kd5 Ke7 49. Ke5 Kf7 50. Kf5 g3 51. Kf4 Kf6 52. Kxg3 Kg5 53. Kf3 Kf5 54.
g3 Kg5 55. g4 Kf6 56. Kf4 Kg6 57. Kg3 Kg5 58. Kh3 Kh6 59. Kh4 Kg6 60. g5 Kg7 61.
Kh5 Kh7 62. g6+ Kg7 63. Kg5 Kg8 64. Kf6 Kf8 65. Kf5 Kg8 66. Kg4 Kg7 67. Kg5 Kg8 68.
Kh5 Kg7 69. Kg5 1/2-1/2

[Event "*** Titled Tuesday Blitz"]
[Site "Chess.com"]
[Date "2021.03.02"]
[Round "11"]
[White "zacachess"]
[Black "Gloomy_Wanderer"]
[Result "0-1"]
[WhiteElo "2434"]
[BlackElo "2668"]
[TimeControl "180+1"]
[EndTime "12:10:36 PST"]
[Termination "Gloomy_Wanderer won by resignation"]

1. e4 c5 2. Nf3 a6 3. c4 Nc6 4.
d4 cxd4 5. Nxd4 e5 6. Nf5 d6 7. Ne3 g6 8. Nc3 Bh6 9. Bd3 Be6 10. O-O Nf6 11. Ned5 Bxc1 12. Rxc1 O-O 13. Ne2 Rc8 14. Qd2 Kg7 15. b3 Qa5 16. Rfd1 Qxd2 17. Rxd2 Bxd5 18. cxd5 Nb4 19. Rxc8 Rxc8 20. Bb1 a5 21. a3 Na6 22.
Rc2 Rc5 23. f3 b5 24. Kf2 b4 25. axb4 Rxc2 26. Bxc2 Nxb4 27. Bb1 Nd7 28. Nc1 Nc5 29. Ke3 Kf6 30. g3 Ke7 31. Kd2 f6 32. Kc3 f5 33.
Kc4 fxe4 34. Bxe4 Kd7 35. Kb5 Nb7 36. Kb6 Kc8 37. h4 Kb8 38. g4 h6 39. g5 hxg5 40. hxg5 Kc8 41. Nd3 Nxd3 42. Bxd3 Nc5 43. Bc2 e4 44.
fxe4 Nd7+ 45. Kxa5 Kb7 46. b4 Ne5 47. Kb5 Nf7 48.
Kc4 Ne5+ 49. Kd4 Kb6 50. Bd1 Nf7 51. Bc2 Nxg5 52. e5 Nf3+ 53. Kc3 Nxe5 54. Be4 g5 55.
Kd4 Kb5 56. Kc3 g4 57. Bg2 g3 58. Bf1+ Ka4 59. b5 Ka5 60. Kd4 Nf3+ 61. Ke3 Nh4 62. Kf4 g2 63. Bxg2 Nxg2+ 64. Kf5 Ne3+ 65. Ke6 Nc4 66. Ke7 Kxb5 67. Kd7 Kc5 68. Ke6 Kd4 69. Kd7 Kxd5 70. Ke7 Kc5 71. Kf6 d5 72. Kf5 d4 73.
Kf4 Kb4 74. Kf3 Kc3 75. Kf2 d3 76. Ke1 d2+ 77. Kd1 Nb2+ 78. Ke2 d1=Q+ 0-1

[Event "*** Titled Tuesday Blitz"]
[Site "Chess.com"]
[Date "2021.03.02"]
[Round "11"]
[White "AttilaTurzo"]
[Black "Kobalia"]
[Result "1/2-1/2"]
[WhiteElo "2579"]
[BlackElo "2716"]
[TimeControl "180+1"]
[EndTime "12:10:37 PST"]
[Termination "Game drawn - insufficient material"]

1. d4 Nf6 2. Nf3 g6 3. Bg5 Bg7 4. c3 O-O 5. Nbd2 d6 6. e4 b6 7. Bd3 Bb7 8. Qe2 c5 9. O-O cxd4 10. cxd4 Nc6 11. Rac1 Rc8 12. a3 h6 13. Bh4 Nh5 14.
d5 Nf4 15. Qe3 Nxd3 16. Qxd3 Ne5 17. Nxe5 Bxe5 18. b4 Qd7 19. f4 Rxc1 20. Rxc1 Bxf4 21.
Rf1 Be5 22. Nf3 Bg7 23. Bf2 Qa4 24. Nd4 Ba6 25. b5 Bxd4 26. Qxd4 Qxd4 27. Bxd4 Bxb5 28. Rc1 f5 29. e5 dxe5 30. Bxe5 Rd8 31. Rc7 Rxd5 32.
Rxe7 Kf8 33. Re6 Kf7 34. Rf6+ Ke7 35. Bc3 Rd3 36. Be5 Re3 37. Bd4 Re4 38. Bc3 Re3 39. Bd4 Re6 40. Rxe6+ Kxe6 41. Bg7 h5 42. h4 f4 43. Kf2 Bc6 44. Bh6 Ke5 45. Bg5 Ke4 46. Bd8 Bd7 47. Bc7 Bg4 48. Bb8 a6 49. Bc7 b5 50.
Bb6 f3 51. gxf3+ Bxf3 52. Ke1 Bg4 53. Kd2 g5 54. hxg5 Bf5 55. Bf2 Kf3 56. Ke1 Kg4 57. Be3 h4 58. Kf2 h3 59. Bd2 Be4 60. Kg1 Kg3 61.
Be1+ Kf3 62. Kh2 Bf5 63. g6 Bxg6 64. Kxh3 Ke2 65. Bb4 Kd3 66. Kg3 Kc4 67. Kf2 Kb3 68.
Ke3 Ka4 69. Kd2 a5 70. Bc5 b4 71. axb4 axb4 72. Bxb4 1/2-1/2

[Event "*** Titled Tuesday Blitz"]
[Site "Chess.com"]
[Date "2021.03.02"]
[Round "11"]
[White "Szparu"]
[Black "Balla_Tamas"]
[Result "1-0"]
[WhiteElo "2660"]
[BlackElo "2526"]
[TimeControl "180+1"]
[EndTime "12:10:38 PST"]
[Termination "Szparu won by resignation"]

1. d4 f5 2. g4 d5 3. g5 c5 4. c3 Nc6 5. Nf3 e6 6. h4 g6 7. h5 Nge7 8. Bf4 gxh5 9. Rxh5 Ng6 10. Bg3 cxd4 11. cxd4 Qa5+ 12. Nc3 Bd7 13. a3 Bg7 14. e3 O-O 15. Bd3 Rf7 16. b4 Qd8 17. Nb5 Be8 18. Nd6 Rd7 19. Nxe8 Qxe8 20. b5 Nd8 21. Kd2 Nf7 22. Qh1 Nf8 23. Qh2 Qd8 24. Rh1 Qa5+ 25. Ke2 Qxa3 26. Rxh7 Nxh7 27. Qxh7+ Kf8 28. g6 Nd6 29.
Ne5 Qb2+ 30. Kf3 Rad8 31. Nxd7+ Rxd7 32. Be5 Ne8 33. Bxg7+ Rxg7 34. Qh8+ Ke7 35. Rh7 Rxh7 36. gxh7 Qb3 37. Qxe8+ Kxe8 38. h8=Q+ Ke7 39. Qg7+ Kd6 40. Qf8+ Kd7 41. Qf7+ Kd6 42. Be2 Qc2 43. Qf8+ Kd7 44. Qg7+ Kd6 45. Qe5+ Kd7 46. Qb8 Qe4+ 47. Kg3 Qh1 48.
Qxb7+ Kd8 49. Qb8+ Kd7 50. Qxa7+ Kd8 51. Qb8+ Ke7 52.
Qc7+ Kf6 53. Qe5+ Ke7 54. Qg7+ Kd6 55. Bf3 Qg1+ 56. Bg2 Qb1 57. Qe5+ Ke7 58. Qc7+ Kf6 59. b6 Qd1 60. Qe5+ Kf7 61. Qf4 Qb3 62. Qc7+ Kf6 63.
b7 f4+ 64. Qxf4+ Ke7 65. Qc7+ Kf6 66. b8=Q 1-0

[Event "*** Titled Tuesday Blitz"]
[Site "Chess.com"]
[Date "2021.03.02"]
[Round "11"]
[White "RobertoJBM"]
[Black "TST2014"]
[Result "1-0"]
[WhiteElo "2736"]
[BlackElo "2626"]
[TimeControl "180+1"]
[EndTime "12:10:39 PST"]
[Termination "RobertoJBM won on time"]

1. d4 Nf6 2. c4 c5 3. d5 b5 4. cxb5 a6 5. b6 d6 6. Nc3 g6 7. e4 Bg7 8. Nf3 O-O 9. Be2 Nbd7 10. Nd2 Nxb6 11. a4 a5 12. O-O Ba6 13. Bxa6 Rxa6 14.
Re1 Nfd7 15. Qc2 c4 16. Nb5 Ne5 17. Nf1 Nd3 18. Re2 f5 19. exf5 Rxf5 20. Ne3 Nb4 21. Qd1 Re5 22. Nc3 Qa8 23. Rb1 Ra7 24. Bd2 Rc7 25. Nb5 Rc5 26. Bc3 N6xd5 27. Bxe5 Bxe5 28. Nxd5 Nxd5 29. g3 Nb4 30. Rc1 Nd3 31. Rcc2 Qf3 32.
Qf1 h5 33. Re3 Qf5 34. b3 Nb2 35. Rxb2 Bxb2 36. bxc4 Be5 37. Kg2 h4 38. f4 h3+ 39.
Kf3 g5 40. Qd3 g4+ 41. Ke2 Bf6 42. Qxf5 Rxf5 43. Kd3 Rc5 44. Re2 d5 45. Rc2 dxc4+ 46. Rxc4 Rd5+ 47. Ke2 e5 48. fxe5 Rxe5+ 49. Kf1 Rd5 50.
Rxg4+ Kf7 51. Re4 Rd1+ 52. Kf2 Rd2+ 53. Re2 Rd1 54. Kf3 Kg6 55. Kg4 Ra1 56. Re4 Bd8 57.
Kxh3 Kf5 58. Rf4+ Ke5 59. Nd4 Bb6 60. Nf3+ Ke6 61. Kg4 Ra3 62. Ng5+ Ke5 63. Rf5+ Kd6 64. Rf6+ Kc5 65. Ne4+ Kd5 66. Rxb6 Kxe4 67. Rf6 Ke3 68. Rf4 Ke2 69. h4 1-0

[Event "*** Titled Tuesday Blitz"]
[Site "Chess.com"]
[Date "2021.03.02"]
[Round "11"]
[White "DinaBelenkaya"]
[Black "FMLorneTwitch"]
[Result "1-0"]
[WhiteElo "2337"]
[BlackElo "2390"]
[TimeControl "180+1"]
[EndTime "12:10:39 PST"]
[Termination "DinaBelenkaya won by checkmate"]

1. e4 c6 2. d4 d5 3. Nc3 dxe4 4. Nxe4 Nf6 5. Nxf6+ gxf6 6. c3 Bf5 7. Bd3 Bg6 8. Ne2 e6 9. Bf4 Bd6 10. Qd2 Qc7 11.
Bh6 Nd7 12. O-O-O O-O-O 13. f4 Bxd3 14. Qxd3 f5 15. Qe3 Rhg8 16. Bg5 Rde8 17. Qf3 Rg6 18.
Rhg1 Reg8 19. h3 Qa5 20. Kb1 Nb6 21. g4 Nc4 22. Nc1 fxg4 23. hxg4 Qb5 24. Nd3 a5 25.
Ka1 a4 26. Qe2 h6 27. Bh4 Nb6 28. g5 hxg5 29. fxg5 Rh8 30. Qf2 Rh7 31. Nc5 Bxc5 32. dxc5 Nd5 33. Qd4 Kb8 34. c4 Qb4 35. cxd5 Qxd4 36.
Rxd4 cxd5 37. Bg3+ Kc8 38. Rxa4 Rxg5 39. Rf4 Rhg7 40. Rf3 f5 41. Kb1 f4 42. Rxf4 Rxg3 43.
Rxg3 Rxg3 44. Rf8+ Kc7 45. Rf7+ Kc6 46. b4 d4 47. Re7 Re3 48. Kc2 e5 49. Re6+ Kb5 50. Rb6+ Kc4 51. Rxb7 Re2+ 52. Kd1 d3 53. c6 Kc3 54. c7 Rd2+ 55. Ke1 Re2+ 56. Kf1 Rxa2 57. c8=Q+ Kd4 58. Rd7+ Ke3 59. Qc5+ Kf3 60. Rxd3+ Kf4 61.
Qc4+ e4 62. Qxa2 exd3 63. Qf2+ Ke4 64. b5 Kd5 65. b6 Kc4 66. Qd2 Kd4 67. b7 Ke4 68.
b8=Q Kd4 69. Qd8+ Ke4 70. Qe8+ Kd5 71. Qee3 Kc4 72. Qexd3+ Kc5 73. Q2c2+ Kb6 74. Qdb3+ Ka5 75. Qca2# 1-0

[Event "*** Titled Tuesday Blitz"]
[Site "Chess.com"]
[Date "2021.03.02"]
[Round "11"]
[White "Anton_Demchenko"]
[Black "GregShahade"]
[Result "1-0"]
[WhiteElo "2904"]
[BlackElo "2644"]
[TimeControl "180+1"]
[EndTime "12:10:42 PST"]
[Termination "Anton_Demchenko won by resignation"]

1. e4 e5 2. Nf3 Nc6 3. Bc4 Nf6 4. d3 Bc5 5. Bg5 Be7 6. a4 h6 7. Bh4 d6 8. Bg3 O-O 9. Nbd2 Nh5 10. Nxe5 Nxe5 11.
Bxe5 dxe5 12. Qxh5 Qd4 13. c3 Qb6 14. b4 a5 15. b5 Be6 16. O-O Rad8 17. Rad1 Rfe8 18. Bxe6 Qxe6 19. Nc4 Bg5 20. g3 b6 21. h4 Bf6 22. Qe2 Rd7 23. Qc2 Bxh4 24. Ne3 Bg5 25. Nd5 f5 26. f3 Rf7 27. Kg2 h5 28. Rh1 h4 29. gxh4 Bh6 30. Rh3 Ref8 31. Rf1 fxe4 32. dxe4 Qg6+ 33. Kh2 Qh5 34. Qg2 Bf4+ 35. Kh1 Bh6 36. Kg1 Kh8 37. c4 Rd8 38. Qg4 g6 39. Rg3 Rd6 40. Kg2 Bf4 41. Rh3 Qh6 42. h5 g5 43. Kh1 Qf8 44. Rg1 Rh6 45. Rd1 Rfh7 46. Kg2 Qf7 47. Rdh1 Qf8 48. Kf1 Qa3 49. Qc8+ Kg7 50.
Qxc7+ Kh8 51. Qd8+ Kg7 52. Qe7+ Qxe7 53. Nxe7 Rh8 54.
Ke2 Kf6 55. Nd5+ Kf7 56. Kd3 Rc8 57. Rg1 Rg8 58. Rg2 Rgh8 59. Rh1 Rxh5 60. Rxh5 Rxh5 61. Nxb6 Rh3 62. Ke2 Rh1 63. c5 Ra1 64. Kd3 Ke8 65. c6 Kd8 66. Nd5 Rd1+ 67. Kc4 Rc1+ 68. Kb3 Rb1+ 69.
Rb2 Rc1 70. Rc2 Rb1+ 71. Ka2 Rf1 72. b6 Rxf3 73. b7 1-0

[Event "*** Titled Tuesday Blitz"]
[Site "Chess.com"]
[Date "2021.03.02"]
[Round "11"]
[White "Kislov_Oleg"]
[Black "A-S-00"]
[Result "1-0"]
[WhiteElo "2491"]
[BlackElo "2393"]
[TimeControl "180+1"]
[EndTime "12:10:42 PST"]
[Termination "Kislov_Oleg won by resignation"]

1. e4 c5 2. Nf3 Nc6 3. c3 Nf6 4. e5 Nd5 5. d4 cxd4 6. cxd4 d6 7.
Bc4 Nb6 8. Bb5 d5 9. O-O Bf5 10. Nc3 e6 11. Bg5 Qd7 12. Na4 Nxa4 13. Qxa4 a6 14.
Rac1 Rc8 15. Be2 h6 16. Bd2 Be7 17. b4 O-O 18. Qb3 Be4 19. b5 axb5 20. Bxb5 Bxf3 21. Qxf3 Qd8 22. Qg4 Kh8 23. Rc3 Bg5 24. f4 Be7 25.
f5 exf5 26. Rxf5 Qb6 27. Bxc6 Rxc6 28. Rb3 Qa6 29. h3 Rg6 30. Qf3 Qxa2 31. Rxb7 Qa1+ 32. Kh2 Qxd4 33. Be3 Qe4 34. Qxe4 dxe4 35. Rxe7 Kg8 36. g4 Rc8 37. Kg3 Rc3 38. Kf4 Rgc6 39. Rfxf7 g5+ 40. Kf5 Rxe3 41. e6 Rf3+ 42. Kxe4 Rxe6+ 43. Rxe6 Rxf7 44. Rxh6 Kg7 45. Re6 Rc7 46. Re5 Rc4+ 47. Kf5 Rc3 48. Re7+ Kf8 49. Ra7 Rxh3 50. Kxg5 Rb3 51. Kh5 Rb5+ 52.
g5 Rb2 53. Kh6 Rh2+ 54. Kg6 Rf2 55. Ra8+ Ke7 56. Kg7 Rg2 57. g6 Rc2 58. Ra3 Rc7 59. Re3+ Kd6+ 60. Kh6 Kd5 61. g7 Rc8 62. Kh7 Kd6 63.
g8=Q Kd7 64. Qg7+ 1-0

[Event "*** Titled Tuesday Blitz"]
[Site "Chess.com"]
[Date "2021.03.02"]
[Round "11"]
[White "andrzej"]
[Black "Ze-Pequeno"]
[Result "1-0"]
[WhiteElo "2358"]
[BlackElo "2230"]
[TimeControl "180+1"]
[EndTime "12:10:42 PST"]
[Termination "andrzej won on time"]

1. e4 c6 2. d4 d5 3. exd5 cxd5 4. Bd3 Nf6 5. c3 Nc6 6. Bf4 Bg4 7. Qb3 Qd7 8. Nd2 e6 9. Ngf3 Bxf3 10. Nxf3 Be7 11.
O-O O-O 12. Rae1 a6 13. Ne5 Nxe5 14. dxe5 Ne8 15. Qc2 g6 16. Bh6 Ng7 17. f4 Rfc8 18. Bxg7 Kxg7 19. Qe2 Rc6 20. Rf3 b5 21. a3 Rb6 22. Qf2 Qc7 23. Kh1 a5 24. g4 Bc5 25.
Qh4 Qd8 26. g5 Qh8 27. f5 exf5 28. b4 axb4 29. axb4 Be7 30. Qd4 Qd8 31. e6+ f6 32.
Rh3 h5 33. gxh6+ Kh7 34. Bxf5 gxf5 35. Qf4 Kh8 36. Qxf5 Rba6 37. Rg1 Ra1 38. Rg3 Rxg1+ 39. Rxg1 Qf8 40. Qg6 Rd8 41. h7 d4 42. cxd4 Rc8 43. h4 Rd8 44. h5 Bxb4 45. h6 Be7 46. Kh2 Bd6+ 47. Kh3 Be7 48. d5 b4 49. Kh4 b3 50.
Kh5 Rxd5+ 51. Kh4 Rd4+ 52. Kh3 Rd8 53. Rg2 f5 54. Kh2 f4 55. Kh1 f3 56. Qg7+ Qxg7 57. hxg7+ Kxh7 58. g8=Q+ 1-0

[Event "*** Titled Tuesday Blitz"]
[Site "Chess.com"]
[Date "2021.03.02"]
[Round "11"]
[White "Arseniy_Nesterov"]
[Black "Gurvich_Vitaly"]
[Result "1-0"]
[WhiteElo "2789"]
[BlackElo "2615"]
[TimeControl "180+1"]
[EndTime "12:10:44 PST"]
[Termination "Arseniy_Nesterov won on time"]

1. d4 Nf6 2. c4 e6 3. Nf3 Bb4+ 4. Bd2 Qe7 5. g3 Nc6 6. Bg2 Bxd2+ 7. Nbxd2 d6 8. O-O O-O 9. Nb1 e5 10. Nc3 e4 11. Ne1 e3 12. Nc2 exf2+ 13. Rxf2 Ng4 14.
Nd5 Qg5 15. Rf4 Bd7 16. Nxc7 Rac8 17. Nd5 Rfe8 18. e4 h5 19. Bf3 Ne7 20. Nxe7+ Rxe7 21. b3 b5 22. Na3 a6 23. Rc1 Ree8 24. Bxg4 hxg4 25.
Nb1 bxc4 26. bxc4 Rb8 27. Nc3 Rb2 28. Rc2 Reb8 29. Rxb2 Rxb2 30. Qc1 Rb8 31. Nd5 Be6 32. Rf1 Qd8 33. Nf4 Bd7 34. Nd3 Rc8 35. Qf4 Qe7 36. c5 dxc5 37. Nxc5 Bb5 38. Rf2 Rd8 39. e5 Bd7 40. Nxd7 Qxd7 41. Rd2 Qd5 42. Qxg4 Rb8 43. Qe2 Rb1+ 44. Kf2 Qh1 45. Ke3 Qg1+ 46. Kd3 Qc1 47. Ke3 Qg1+ 48. Kd3 Qc1 49. e6 fxe6 50. Qxe6+ Kh8 51.
Qe8+ Kh7 52. Qh5+ Kg8 53. Qd5+ Kh8 54. Qd8+ Kh7 55. Qh4+ Kg8 56. Qd8+ Kh7 57. Qd6 Qf1+ 58. Re2 Rd1+ 59. Ke3 Qg1+ 60. Kf3 Qf1+ 61. Ke3 Qg1+ 62. Kf3 Qf1+ 63. Rf2 Rd3+ 64. Ke4 Qd1 65. Qf4 1-0